Map: Thunderbird LE

Players

GOStephano (Stephano) - Winner!

  • Race: Zerg Zerg
  • League: Grandmaster
  • Spawn Location: 5:00

HellraiseR

  • Race: Protoss Protoss
  • Spawn Location: 11:00

Event: HomeStory Cup XIX

VOD

Have the link to the VOD?

Description

Time

  • Played on: June 29, 2019, 6:47 a.m.
  • Length: 12:05

All games in this series

Show
View Real Time Build Order
Export as new Build Order

GOStephano Zerg - Winner!

Build Orders: Hatch First 

Get SALT Encoding   

  12  0:01  Drone  
  13  0:12  Overlord  
  13  0:17  Drone  
  14  0:30  Drone x2  
  16  0:48  Hatchery  
  15  0:51  Drone  
  15  0:54  Drone  
  17  0:57  Drone  
  18  1:08  Extractor  
  17  1:13  Spawning Pool  
  17  1:16  Drone  
  17  1:19  Drone  
  18  1:28  Drone  
  19  1:38  Drone  
  20  1:49  Drone  
  21  2:00  Queen  
  23  2:03  Zergling x2, Overlord  
  24  2:11  Queen  
  24  2:15  Drone x2  
  28  2:26  Drone x2, Hatchery  
  29  2:32  Drone  
  29  2:34  Drone  
  31  2:39  Queen  
  31  2:43  Overlord  
  33  2:48  Metabolic Boost  
  33  2:51  Drone  
  34  2:53  Drone  
  34  2:56  Drone  
  36  3:04  Spore Crawler  
  35  3:06  Spore Crawler  
  35  3:07  Drone x2  
  37  3:13  Overlord  
  37  3:18  Overlord  
  37  3:23  Evolution Chamber  
  36  3:28  Overlord  
  36  3:31  Drone x2  
  36  3:33  Drone x3, Spore Crawler  
  40  3:35  Spore Crawler  
  40  3:38  Queen  
  41  3:41  Drone  
  41  3:45  Drone x2  
  41  3:48  Drone  
  45  3:51  Zerg Melee Weapons Level 1  
  45  3:55  Drone  
  46  3:56  Drone  
  46  3:57  Drone  
  46  4:00  Spore Crawler  
  46  4:01  Drone  
  48  4:03  Drone  
  48  4:07  Drone x2  
  48  4:09  Drone  
  52  4:11  Drone, Extractor  
  52  4:12  Drone  
  52  4:16  Spore Crawler  
  52  4:18  Spore Crawler  
  52  4:21  Drone x5  
  59  4:25  Overlord  
  59  4:28  Overlord  
  59  4:29  Zergling x4  
  61  4:34  Zergling x4  
  63  4:38  Lair  
  63  4:45  Zergling x6  
  65  4:48  Zergling x2  
  65  4:51  Roach Warren  
  65  4:56  Zergling x14  
  72  5:01  Queen  
  72  5:04  Extractor x2  
  69  5:09  Drone  
  69  5:10  Drone x4  
  74  5:14  Drone  
  74  5:19  Overlord  
  74  5:20  Drone  
  76  5:23  Drone  
  76  5:24  Drone x2  
  79  5:28  Drone x3  
  79  5:30  Overlord  
  79  5:33  Overlord  
  82  5:36  Overlord  
  82  5:38  Roach  
  82  5:39  Roach x2  
  87  5:43  Hatchery, Roach  
  87  5:44  Overlord  
  87  5:48  Roach  
  89  5:53  Roach  
  89  5:55  Roach x3  
  89  5:56  Glial Reconstitution  
  97  6:01  Roach x3  
  103  6:10  Roach x3  
  99  6:13  Roach  
  86  6:19  Drone x5  
  86  6:24  Drone x4  
  88  6:33  Drone x5  
  88  6:37  Drone  
  89  6:42  Overlord  
  88  6:49  Extractor  
  88  6:51  Drone x2, Extractor x2  
  87  6:58  Drone x5  
  92  7:01  Queen  
  92  7:02  Extractor  
  92  7:06  Extractor, Spore Crawler  
  91  7:09  Spire  
  90  7:16  Drone x4  
  90  7:17  Drone x3  
  90  7:20  Drone x2  
  99  7:23  Drone x3  
  98  7:42  Drone x11  
  101  7:51  Drone  
  101  7:52  Drone x3  
  101  7:54  Drone  
  96  8:00  Hatchery  
  93  8:10  Drone x3  
  93  8:12  Baneling Nest  
  89  8:25  Mutalisk x9, Zerg Flyer Weapons Level 1  
  107  8:29  Mutalisk x2  
  107  8:34  Mutalisk x2  
  111  8:37  Mutalisk  
  117  8:42  Mutalisk  
  117  8:46  Mutalisk  
  121  8:50  Zergling x22  
  132  8:56  Mutalisk, Overseer  
  132  9:00  Extractor  
  132  9:01  Extractor  
  132  9:02  Zergling x8  
  136  9:06  Overlord x2  
  134  9:19  Overlord  
  134  9:22  Overlord x2  
  130  9:26  Overlord  
  128  9:32  Mutalisk x5  
  117  9:41  Mutalisk x2  
  117  9:42  Mutalisk  
  96  9:47  Zergling x24  
  71  10:21  Hatchery  
  66  11:18  Hatchery  
Show
View Real Time Build Order
Export as new Build Order

HellraiseR Protoss 

Build Orders: 1 Gate Expand, Oracle Opening 

Get SALT Encoding   

  12  0:00  Probe  
  13  0:12  Probe  
  14  0:19  Pylon  
  14  0:24  Probe  
  15  0:33  Probe  
  15  0:39  Gateway  
  15  0:41  Probe  
  16  0:47  Assimilator  
  17  0:52  Probe  
  19  1:04  Probe  
  19  1:20  Nexus  
  19  1:23  Probe  
  20  1:33  Cybernetics Core  
  20  1:35  Probe  
  21  1:41  Assimilator  
  21  1:48  Probe  
  21  1:51  Pylon  
  22  1:59  Adept  
  22  2:00  Probe  
  23  2:12  Probe  
  26  2:20  Stalker  
  26  2:21  Stargate  
  26  2:24  Probe  
  26  2:28  Probe  
  29  2:36  Probe  
  29  2:37  Probe  
  31  2:38  Warp Gate  
  32  2:47  Probe  
  32  2:48  Probe  
  34  2:52  Adept  
  36  2:59  Probe  
  36  3:02  Oracle  
  36  3:04  Probe  
  40  3:12  Probe  
  40  3:16  Probe  
  40  3:17  Gateway  
  40  3:18  Pylon  
  41  3:25  Probe  
  42  3:28  Probe  
  42  3:32  Twilight Council  
  43  3:40  Probe  
  44  3:42  Gateway x2  
  44  3:43  Probe  
  45  3:52  Probe  
  45  3:54  Gateway  
  46  3:55  Oracle, Gateway  
  46  3:57  Probe  
  47  4:04  Resonating Glaives  
  47  4:07  Probe  
  47  4:08  Pylon  
  51  4:14  Assimilator  
  51  4:15  Pylon  
  51  4:16  Probe  
  52  4:20  Probe  
  53  4:27  Adept  
  53  4:28  Adept  
  57  4:40  Nexus  
  57  4:45  Pylon  
  57  4:48  Adept x2  
  61  4:53  Adept  
  61  4:55  Adept  
  61  4:58  Adept  
  67  5:01  Adept  
  69  5:08  Adept  
  69  5:09  Adept  
  69  5:12  Pylon  
  73  5:15  Adept  
  73  5:16  Adept  
  77  5:30  Adept x4  
  85  5:39  Probe  
  85  5:42  Pylon  
  86  5:47  Shield Battery  
  86  5:52  Forge  
  86  5:53  Robotics Facility  
  86  5:56  Probe  
  87  5:57  Assimilator, Probe  
  87  5:59  Probe  
  89  6:08  Probe  
  89  6:09  Probe  
  89  6:11  Probe  
  76  6:20  Probe  
  76  6:21  Probe  
  76  6:23  Probe  
  76  6:25  Sentry x2  
  73  6:26  Stalker  
  73  6:28  Charge  
  73  6:32  Probe, Protoss Ground Weapons Level 1  
  76  6:33  Probe, Immortal  
  76  6:35  Probe  
  76  6:44  Probe  
  76  6:45  Probe  
  76  6:47  Probe  
  77  6:56  Probe, Pylon  
  77  6:57  Probe  
  77  6:58  Gateway  
  77  6:59  Probe  
  80  7:01  Zealot x2  
  80  7:02  Gateway  
  80  7:06  Immortal  
  80  7:07  Probe  
  84  7:08  Assimilator, Probe  
  84  7:10  Probe, Assimilator  
  84  7:15  Probe  
  91  7:17  Zealot  
  91  7:20  Probe  
  91  7:22  Probe  
  96  7:25  Templar Archives  
  96  7:27  Gateway  
  96  7:28  Gateway  
  96  7:31  Probe  
  91  7:38  Immortal  
  91  7:41  Stalker x3, Zealot  
  91  7:42  Zealot  
  91  7:49  Probe  
  91  7:50  Probe  
  95  7:57  Zealot  
  95  7:58  Sentry  
  93  8:03  High Templar x2  
  93  8:08  Archon  
  93  8:09  Zealot x4  
  93  8:10  Observer  
  99  8:13  Probe  
  99  8:18  Pylon  
  99  8:19  Warp Prism  
  103  8:24  Probe  
  103  8:25  Zealot x4  
  110  8:31  Pylon  
  110  8:34  High Templar x2  
  116  8:37  Pylon  
  116  8:38  High Templar x2, Archon  
  116  8:40  Zealot  
  122  8:42  Archon  
  122  8:48  Pylon  
  122  8:51  Zealot x3  
  122  8:52  Zealot  
  130  9:04  Pylon  
  130  9:12  Stalker x5  
  130  9:15  High Templar x2  
  130  9:16  Zealot  
  143  9:19  Archon  
  134  9:28  Stalker x2  
  123  9:35  Zealot x4  
  91  9:53  High Templar x2  
  91  9:57  Archon  
  89  10:05  Stalker x4  
  62  10:51  Probe  
  63  10:59  Probe  
  64  11:09  Probe  
  61  11:45  Probe  
Tags
 
Add a new tag
Caveats
  • Supply blocks, unpowered buildings, or Contaminate may cause inaccurate times.
  • Supply counts are checked every 10 seconds.